 Dungeon Crawl Stone Soup version 0.30-b1-2-g02819fbbbe (webtiles) character file.

Game seed: 12270865250629350812

582 snakesoul the Digger (level 7, -4/36 HPs)
             Began as a Gargoyle Earth Elementalist on May 29, 2023.
             Slain by a gnoll sergeant
             ... wielding a +0 spear
              (11 damage)
             ... on level 5 of the Dungeon.
             The game lasted 00:12:03 (3848 turns).

snakesoul the Digger (Gargoyle Earth Elementalist)  Turns: 3848, Time: 00:12:05

Health: -4/36      AC:  8    Str: 11    XL:     7   Next: 36%
Magic:  11/13      EV: 11    Int: 18    God:
Gold:   166        SH:  0    Dex: 10    Spells: 4/14 levels left

rFire   . . .        h - +0 sling
rCold   . . .        (no shield)
rNeg    + . .        a - +0 robe
rPois   ∞            (no helmet)
rElec   +            j - +0 cloak
rCorr   .            (no gloves)
SInv    .            t - +0 pair of boots
Will    .....        (no amulet)
Stlth   ++           (no ring)
HPRegen 0.26/turn    (no ring)
MPRegen 0.13/turn

%: no passive effects
@: very slightly contaminated
A: sickness immunity, AC +4, negative energy resistance 1, electricity
resistance, torment resistance 1, petrification resistance
a: no special abilities


You were on level 5 of the Dungeon.
You visited 1 branch of the dungeon, and saw 5 of its levels.

You collected 166 gold pieces.

Inventory:

Hand Weapons
 c - a +0 dagger
 h - a +0 sling (weapon)
 w - the +3 flail "Leproagh" {heavy, rPois Will+ Str+3}
   (You found it on level 4 of the Dungeon)

   Str:       It affects your strength (+3).
   rPois:     It protects you from poison.
   Will:      It increases your willpower.
Missiles
 m - 21 stones
 n - 13 poisoned darts
Armour
 a - a +0 robe (worn)
 j - a +0 cloak (worn)
 t - a +0 pair of boots (worn)
Magical Staves
 g - a staff of air
Jewellery
 v - a ring of fire
Wands
 z - a wand of charming (11)
Scrolls
 d - a scroll of torment {unknown}
 e - 4 scrolls of identify {unknown}
 l - a scroll of noise {unknown}
 o - 2 scrolls of fear {unknown}
 s - a scroll of fog {unknown}
 u - 2 scrolls of magic mapping {unknown}
 x - a scroll of enchant armour {unknown}
 y - a scroll of amnesia {unknown}
 A - a scroll of blinking {unknown}
Potions
 f - 2 potions of lignification {unknown}
 i - 2 potions of heal wounds {unknown}
 k - a potion of invisibility {unknown}
 p - 2 potions of flight {unknown}
 q - 2 potions of curing {unknown}
 r - a potion of degeneration {unknown}
 B - a potion of might {unknown}


   Skills:
 - Level 1.5 Dodging
 - Level 2.1 Stealth
 + Level 4.0 Spellcasting
 * Level 3.5 Conjurations
 * Level 3.5 Transmutations
 - Level 5.5 Earth Magic


You had 4 spell levels left.
You knew the following spells:

 Your Spells              Type           Power      Damage    Failure   Level
a - Sandblast             Erth           46%        2d11      1%          1
b - Passwall              Tmut/Erth      16%        N/A       3%          2
c - Stone Arrow           Conj/Erth      38%        3d9       7%          3
d - Petrify               Tmut/Erth      20%        N/A       22%         4

Your spell library contained the following spells:

 Spells                   Type           Power      Damage    Failure   Level
 Hailstorm                Conj/Ice       9%         3d4       22%         3
 Ice Form                 Ice/Tmut       10%        N/A       56%         4
 Simulacrum               Ice/Necr       1%         N/A       100%        6


Dungeon Overview and Level Annotations

Branches:
Dungeon (5/15)
 Temple: D:4-7

Altars:
Yredelemnul
The Shining One

Shops:
D:3 (

Annotations:
D:2 1 runed translucent door, Crazy Yiuf, Robin


Innate Abilities, Weirdness & Mutations

You are immune to sickness and miasma.
Your stone body is resilient. (AC +4)
You are immune to poison.
You resist negative energy. (rN+)
You are resistant to electric shocks. (rElec)
You are resistant to unholy torment.
You are immune to petrification.


Message History

Casting: Stone Arrow (dangerous; 7% risk of failure)
Confirm with . or Enter, or press ? or * to list all spells.
Aiming: Stone Arrow (dangerous; 7% risk of failure)
Press: ? - help, Shift-Dir - straight line, f - gnoll
Aim: a gnoll, wielding a +0 flail (72% to hit)
You miscast Stone Arrow.
You are very lightly contaminated with residual magic.
Nothing appears to happen.
The gnoll sergeant hits you from afar with a +0 spear!
Unknown command.
Magic courses through your body.
The gnoll sergeant hits you from afar with a +0 spear!
Casting: Stone Arrow (dangerous; 7% risk of failure)
Confirm with . or Enter, or press ? or * to list all spells.
Aiming: Sandblast (safe; 1% risk of failure)
Press: ? - help, Shift-Dir - straight line, f/p - gnoll
Aim: a gnoll, wielding a +0 flail (85% to hit)
The blast of sand hits the gnoll sergeant.
The gnoll sergeant is moderately wounded.
The gnoll sergeant hits you from afar with a +0 spear.
The gnoll sergeant hits you but does no damage.
Unknown command.
Casting: Sandblast (safe; 1% risk of failure)
Confirm with . or Enter, or press ? or * to list all spells.
Aiming: Sandblast (safe; 1% risk of failure)
Press: ? - help, Shift-Dir - straight line, f - gnoll, p - gnoll
Aim: a gnoll, wielding a +0 spear (85% to hit)
The blast of sand hits the gnoll sergeant but does no damage.
The gnoll sergeant is moderately wounded.
The gnoll sergeant hits you from afar with a +0 spear.
* * * LOW HITPOINT WARNING * * *
Casting: Sandblast (safe; 1% risk of failure)
Confirm with . or Enter, or press ? or * to list all spells.
Aiming: Sandblast (safe; 1% risk of failure)
Press: ? - help, Shift-Dir - straight line, f/p - gnoll
Aim: a gnoll, wielding a +0 spear (85% to hit)
The blast of sand hits the gnoll sergeant.
The gnoll sergeant is moderately wounded.
The gnoll sergeant hits you from afar with a +0 spear!
You die...

..........
......)..
...g..).#
#.####### #
#g......## ### #
#gg(...... ..# #
#g######.####.# #
#.#
#.......#.####
#####@##
......#.##..
#......#
#...#.##.#
#......#
#...#.#..#
#......#
#....>..##
#......#
#.........
#......#
#.########
#...)..# #...#
#......######.###
#####.........#


You could see a gnoll sergeant and 3 gnolls.

Vanquished Creatures
  An ogre (D:3)
  2 orc priests (D:3)
  2 hounds (D:4)
  An iguana (D:4)
  A sleepcap (D:4)
  Natasha (thrice) (D:3)
  2 orc wizards (D:4)
  2 gnolls
  7 adders
  A white imp (D:5)
  3 worms (D:2)
  A dart slug (D:1)
  7 orcs
  8 bats
  5 endoplasms
  A giant cockroach (D:2)
  7 goblins
  9 hobgoblins
  9 jackals
  2 quokkas
  7 ball pythons
  6 frilled lizards
  11 kobolds
  5 rats
103 creatures vanquished.

Notes
Turn   | Place    | Note
-------+----------+-------------------------------------------
     0 | D:1      | snakesoul the Gargoyle Earth Elementalist began the quest
                  | for the Orb.
     0 | D:1      | Reached XP level 1. HP: 10/10 MP: 3/3
   158 | D:1      | Reached skill level 1 in Transmutations
   227 | D:1      | Reached XP level 2. HP: 15/15 MP: 3/5
   350 | D:1      | Reached skill level 4 in Earth Magic
   630 | D:1      | Learned a level 2 spell: Passwall
   775 | D:2      | Reached XP level 3. HP: 17/19 MP: 0/6
  1144 | D:2      | Reached XP level 4. HP: 24/24 MP: 4/8
  1330 | D:2      | Found a faded altar of an unknown god.
  1414 | D:2      | Found a runed translucent door.
  1416 | D:2      | Noticed Crazy Yiuf
  1418 | D:2      | Noticed Robin
  1780 | D:3      | Noticed an ogre
  1797 | D:2      | Learned a level 3 spell: Stone Arrow
  1880 | D:3      | Found Pulebb's Weapon Emporium.
  1991 | D:3      | Noticed Natasha
  1994 | D:3      | Killed Natasha
  1995 | D:3      | Reached XP level 5. HP: 28/28 MP: 7/9
  1998 | D:3      | Noticed Natasha
  2003 | D:3      | Killed Natasha
  2004 | D:3      | Reached skill level 1 in Conjurations
  2046 | D:3      | Reached skill level 5 in Earth Magic
  2051 | D:3      | Reached XP level 6. HP: 26/32 MP: 4/11
  2134 | D:3      | Learned a level 4 spell: Petrify
  2603 | D:3      | Noticed Natasha
  2638 | D:3      | Killed Natasha
  2970 | D:4      | Identified the +3 flail "Leproagh" {heavy, rPois Will+
                  | Str+3}
  3127 | D:4      | Reached XP level 7. HP: 36/36 MP: 5/12
  3469 | D:4      | Found a glowing golden altar of the Shining One.
  3485 | D:4      | Found a basalt altar of Yredelemnul.
  3717 | D:5      | Entered Level 5 of the Dungeon
  3848 | D:5      | Slain by a gnoll sergeant

Illustrated notes

Levels and vault maps discovered:
D:1:      co_arrival_random_square_maze, layout_basic, minmay_misc_feat_ornament
D:2:      layout_rooms, shapermc_ecumenical_altar_petra, serial_corexii_hall,
          chequers_hall_statues_wall_a, corexii_hall_statues_i,
          corexii_hall_statues_l, chequers_hall_statues_wall_a, minmay_cupped,
          uniq_crazy_yiuf_cottage, uniq_robin
D:3:      kennysheep_big_flooded_room, layout_basic, serial_shops,
          nicolae_shop_bloodbath_and_beyond, chequers_serial_rivers_small_a,
          uniq_natasha
D:4:      cheibrodos_helix_gallery, layout_basic, grunt_temple_overflow_holy_war
D:5:      layout_basic, jmf_multi_god_temple2,
          gammafunk_temple_overflow_forgotten

Skill      XL: |  1  2  3  4  5  6  7 |
---------------+----------------------+-----
Transmutations | 1 2 3 |  3.5
Earth Magic    | 4 5 |  5.5
Spellcasting   | 3 4 |  4.0
Conjurations   | 1 2 3 |  3.5
Dodging        | |  1.5
Stealth        | |  2.1

Action                     |  1- 3 |  4- 6 |  7- 9 || total
---------------------------+-------+-------+-------++-------
  Melee: Dagger            |    25 |       |       ||    25
         Unarmed           |     2 |       |       ||     2
         Punch             |     1 |       |       ||     1
   Fire: Sling             |     7 |    32 |     3 ||    42
   Cast: Sandblast         |    46 |    74 |    35 ||   155
         Passwall          |     1 |       |       ||     1
         Stone Arrow       |       |       |     1 ||     1
    Use: Potion            |       |       |     1 ||     1
 Armour: Robe              |    23 |    10 |     9 ||    42
  Dodge: Dodged            |    27 |    15 |    10 ||    52
